Map: Frozen Temple

Players

Fropez - Winner!

  • Race: Protoss Protoss
  • League: Gold
  • Spawn Location: 11:00

OmenTC

  • Race: Zerg Zerg
  • League: Silver
  • Spawn Location: 5:00

VOD

Have the link to the VOD?

Description

Time

  • Played on: Sept. 27, 2016, 5:53 p.m.
  • Length: 5:28
Show
View Real Time Build Order
Export as new Build Order

Fropez Protoss - Winner!

Build Orders: Mass Adepts 

Get SALT Encoding   

  12  0:02  Probe (Chrono Boost)  
  13  0:14  Pylon  
  13  0:18  Probe (Chrono Boost)  
  14  0:30  Probe (Chrono Boost)  
  15  0:40  Gateway  
  15  0:45  Probe (Chrono Boost)  
  16  1:00  Pylon, Probe (Chrono Boost), Assimilator  
  17  1:10  Probe (Chrono Boost)  
  18  1:21  Probe (Chrono Boost)  
  19  1:31  Probe (Chrono Boost)  
  19  1:32  Cybernetics Core  
  20  1:34  Pylon  
  20  1:42  Probe (Chrono Boost)  
  21  1:52  Probe (Chrono Boost)  
  21  1:53  Gateway  
  22  1:55  Gateway  
  22  2:03  Probe (Chrono Boost)  
  23  2:13  Probe (Chrono Boost)  
  23  2:15  Adept  
  26  2:32  Probe (Chrono Boost)  
  27  2:40  Nexus  
  27  2:41  Warp Gate (Chrono Boost)  
  27  2:42  Adept  
  29  2:48  Probe  
  30  2:55  Assimilator  
  30  3:00  Probe  
  30  3:04  Adept  
  33  3:18  Pylon  
  33  3:26  Adept x2  
  37  3:31  Adept  
  39  3:36  Probe  
  40  3:49  Mothership Core  
  40  3:55  Adept  
  44  3:56  Adept  
  44  3:59  Adept  
  44  4:00  Probe  
  49  4:10  Probe x2  
  51  4:21  Probe, Assimilator  
  51  4:22  Probe  
  51  4:23  Assimilator  
  53  4:25  Pylon  
  53  4:27  Pylon  
  53  4:31  Probe  
  54  4:53  Probe  
  54  4:55  Probe  
  54  4:56  Adept x3  
  62  5:04  Probe  
  63  5:07  Probe  
  64  5:17  Twilight Council  
  64  5:22  Robotics Facility  
  64  5:23  Pylon  
Show
View Real Time Build Order
Export as new Build Order

OmenTC Zerg 

Build Orders: Hatch First 

Get SALT Encoding   

  12  0:00  Drone  
  13  0:12  Overlord  
  13  0:18  Drone  
  14  0:31  Drone x2  
  17  0:35  Drone  
  17  0:53  Hatchery  
  16  0:57  Drone  
  16  1:00  Drone  
  18  1:16  Spawning Pool  
  18  1:17  Drone  
  18  1:25  Drone  
  19  1:30  Overlord  
  19  1:39  Drone  
  20  1:57  Drone  
  21  2:07  Extractor  
  20  2:09  Queen x2  
  20  2:10  Drone x2  
  26  2:21  Drone x2  
  28  2:27  Extractor  
  27  2:30  Overlord, Drone  
  28  2:43  Drone x2  
  30  2:44  Hatchery  
  29  2:52  Queen  
  29  2:56  Queen  
  33  3:24  Drone x6  
  39  3:37  Overlord  
  39  3:42  Drone  
  41  3:48  Zergling x4  
  41  3:51  Metabolic Boost  
  42  3:58  Extractor  
  41  4:06  Queen  
  41  4:08  Drone x2  
  41  4:09  Drone x5  
  51  4:10  Drone x3  
  51  4:15  Overlord  
  51  4:16  Overlord  
  53  4:20  Drone  
  53  4:22  Drone x2  
  56  4:27  Lair  
  51  4:54  Drone x5  
  51  4:55  Drone x2  
  51  4:56  Drone x2  
  60  5:03  Evolution Chamber  
  60  5:04  Evolution Chamber, Zergling x8  
  62  5:20  Roach Warren  
Tags
 
Composition
Mass Adepts
Matchup
PvZ
Replay Pack
All Mines
Spawn Locations
Cross Positions
Add a new tag
Caveats
  • Supply blocks, unpowered buildings, or Contaminate may cause inaccurate times.
  • Supply counts are checked every 10 seconds.